Cogmind - Beta 10.1 @@@ ROGUE MODE // 2020.10.07 @ 12:17:05 Player: Demise Result: Destroyed by G-34 Mercenary with Small Laser Performance ------------- Evolutions (1) 500 Regions Visited (5) 1000 Robots Destroyed (83) 415 Value Destroyed (1950) 1950 Prototype IDs (26) 520 Alien Tech Used (0) 0 Bonus (59) 59 TOTAL SCORE: 4444 Bonus ------- Aligned with FarCom 300 Friendly Fire -241 Cogmind --------- Core Integrity 0/400 Matter 300/300 Energy 50/100 System Corruption 9% Temperature Cool (48) Movement Core (50) Location -9/Exiles Parts ------- > --- POWER (1) -------- (None) > --- PROPULSION (2) --- (None) > --- UTILITY (4) ------ (None) > --- WEAPON (2) ------- (None) > --- INVENTORY (4) ---- Humpback Lightpack 2.0 Peak State ------------ > --- POWER ------------ Light Nuclear Core > --- PROPULSION ------- Light Treads Light Treads > --- UTILITY ---------- Large Storage Unit High-capacity Storage Unit Humpback > --- WEAPON ----------- Light Assault Rifle Improved Light Cannon > --- INVENTORY -------- Improved Flight Unit Improved Flight Unit Improved Flight Unit Improved Flight Unit High-capacity Storage Unit High-capacity Storage Unit High-capacity Storage Unit Humpback Lightpack 2.0 Large Battery High-capacity Matter Pod High-capacity Matter Pod Experimental Sensor Array Salvage Targeting Computer Salvage Targeting Computer Salvage Targeting Computer Armor Integrity Analyzer Hardened Light Armor Plating Hardened Light Armor Plating Hardened Light Armor Plating Reactive Plating Reactive Plating Hacking Suite Hacking Suite Hacking Suite Hacking Suite Heavy EM Pulse Gun AWS/Thermal Heavy Particle Cannon Heavy Particle Cannon Light Assault Rifle AWS/Autocannon Grenade Launcher [Rating: 25] Favorites ----------- Power Ion Engine Engine Ion Engine Power Core Light Nuclear Core Propulsion Light Treads Treads Light Treads Leg Aluminum Leg Flight Unit Improved Flight Unit Utility Large Storage Unit Device Improved Heat Sink Storage Large Storage Unit Protection Core Shielding Weapon Light Assault Rifle Energy Gun Improved EM Shotgun Ballistic Gun Light Assault Rifle Ballistic Cannon Light Cannon Launcher Grenade Launcher Special Weapon Mining Laser Build | -11 -10 -10 -9 -9 -9 ------- Run | Scr Mat Min Mat Min Exi Slots Evolved 2 | . . . 2 . . Power . | . . . . . . Propulsion . | . . . . . . Utility 2 | . . . 2 . . Weapon . | . . . . . . Parts Attached 50 | 3 11 1 26 1 8 Power 6 | . 3 . 2 . 1 Engine 3 | . 2 . 1 . . Core 3 | . 1 . 1 . 1 Reactor . | . . . . . . Propulsion 11 | 2 1 . 8 . . Treads 10 | 2 1 . 7 . . Leg . | . . . . . . Wheel . | . . . . . . Hover . | . . . . . . Flight 1 | . . . 1 . . Utility 11 | 1 2 . 6 . 2 Device 1 | . . . 1 . . Storage 8 | 1 2 . 3 . 2 Processor . | . . . . . . Hackware . | . . . . . . Protection 2 | . . . 2 . . Artifact . | . . . . . . Weapon 22 | . 5 1 10 1 5 Energy Gun 12 | . 2 . 8 1 1 Energy Cannon . | . . . . . . Ballistic Gun 4 | . 2 . 1 . 1 Ballistic Cannon 3 | . . 1 1 . 1 Launcher 1 | . . . . . 1 Special Weapon 2 | . 1 . . . 1 Impact Weapon . | . . . . . . Slashing Weapon . | . . . . . . Piercing Weapon . | . . . . . . Special Melee Weapon . | . . . . . . Unidentified Prototypes 1 | . . . 1 . . Parts Lost 20 | . . . 8 2 10 Power 3 | . . . 1 1 1 Propulsion 4 | . . . 2 . 2 Utility 2 | . . . 1 . 1 Weapon 11 | . . . 4 1 6 Highest Loss Streak 10 | . . . 3 1 10 Average Slot Usage (%) 97 | . 99 100 99 98 89 Engine 6 | . 10 14 6 . . Core 4 | . 3 . 3 9 10 Treads 24 | . 27 28 21 22 21 Storage 32 | . 28 28 33 44 35 Protection 1 | . . . 6 . . Energy Gun 10 | . 11 . 14 22 1 Ballistic Gun 9 | . 15 14 6 . 9 Ballistic Cannon 4 | . . 14 . . 9 Naked Turns . | . . . . . . Heaviest Build 138 | 14 50 50 83 83 138 Greatest Support 40 | 40 40 40 40 40 40 Greatest Overweight (x) 4 | 4 1 1 4 2 3 Average Overweight (x) 1 | . . 1 1 1 2 Largest Inventory Capacity 38 | 8 16 16 28 28 38 Average Capacity 20 | 7 9 16 22 28 35 Most Carried 38 | 8 16 16 28 28 38 Average Carried 19 | 7 8 16 22 27 31 Final Capacity 28 | 8 16 16 28 28 4 Final Carried 28 | 8 16 16 27 28 4 Class Distribution -------------------- 55% | Mutant 44% | Hauler-Mutant Dominant Class ---------------- Mutant | -10/Materials Mutant | -10/Mines Hauler-Mutant | -9/Materials Hauler-Mutant | -9/Mines Hauler-Mutant | -9/Exiles Resources | -11 -10 -10 -9 -9 -9 ----------- Run | Scr Mat Min Mat Min Exi Matter Collected 1570 | 415 489 149 362 20 135 Remotely . | . . . . . . Salvage Created 2678 | 313 564 97 1225 275 204 Parts 176 | 40 33 10 65 15 13 Haulers Intercepted 5 | . 2 . 3 . . Recyclers Shooed . | . . . . . . Parts Field Recycled . | . . . . . . Retrieved Matter . | . . . . . . Parts Self-Destructed . | . . . . . . Prevented . | . . . . . . Kills | -11 -10 -10 -9 -9 -9 ------- Run | Scr Mat Min Mat Min Exi Combat Hostiles Destroyed 52 | . 9 . 27 10 6 Guns 45 | . 9 . 27 9 . Cannons 2 | . . . . . 2 AOE 5 | . . . . 1 4 Classes Destroyed 13 | 3 4 1 3 . 2 Worker 5 | 4 1 . . . . Builder 3 | . . 2 . 1 . Tunneler 9 | 9 . . . . . Hauler 5 | . 2 . 3 . . Recycler 2 | 1 . . 1 . . Operator 3 | . 2 . 1 . . Watcher 3 | . 3 . . . . Swarmer 10 | . . . 3 7 . Grunt 33 | . 9 . 18 3 3 Brawler 1 | . . . 1 . . Sentry 5 | . . . 5 . . Hunter 1 | . . . . . 1 Programmer 2 | . . . . . 2 Thug 1 | . . 1 . . . Best Kill Streak 7 | 7 5 1 5 4 5 Combat Bots Only 5 | . 2 . 5 4 5 Max Kills in Single Turn 3 | 1 1 1 2 2 3 Gunslinging 1 | . . . 1 1 . Exploded 3 | . . . . 1 3 Melee . | . . . . . . Uniques/NPCs Destroyed . | . . . . . . Combat | -11 -10 -10 -9 -9 -9 -------- Run | Scr Mat Min Mat Min Exi Damage Taken 3110 | . 406 . 1161 203 1340 Core 472 | . 62 . 130 12 268 Absorbed by Shields . | . . . . . . Core Remaining (%) 87 | 100 . 75 . . . Volleys Fired 226 | 36 68 13 81 15 13 Largest 2 | 2 2 2 2 2 2 Hottest 130 | 70 100 55 130 90 75 Shots Fired 441 | 72 134 26 155 30 24 Gun 414 | 72 133 13 154 30 12 Cannon 24 | . . 13 1 . 10 Launcher 2 | . . . . . 2 Special 1 | . 1 . . . . Kinetic 198 | 36 74 26 42 . 20 Thermal 172 | 36 60 . 76 . . Explosive 2 | . . . . . 2 Electromagnetic 69 | . . . 37 30 2 Robot Hit Streak 28 | 7 16 7 28 13 14 Robot Miss Streak 5 | 3 2 3 5 2 2 Penetration Max . | . . . . . . Secondary Targets 8 | . . . 4 4 . Max Gunslinging Chain 1 | . . . 1 1 . Shots Hit Robots 328 | 41 95 18 134 22 18 Core Hits 199 | 18 35 6 113 14 13 Critical Hits 3 | . 1 . 2 . . Critical Kills 2 | . 1 . 1 . . Critical Parts Destroyed 1 | . . . 1 . . Melee Attacks . | . . . . . . Impact . | . . . . . . Slashing . | . . . . . . Piercing . | . . . . . . Sneak Attacks . | . . . . . . Combat Hostiles . | . . . . . . Follow-up Attacks . | . . . . . . Damage Inflicted 4680 | 406 1092 228 1818 409 727 Guns 3678 | 406 1092 94 1689 310 87 Cannons 338 | . . 134 . . 204 Explosions 664 | . . . 129 99 436 Melee . | . . . . . . Ramming . | . . . . . . Kinetic 1324 | 90 451 228 270 . 285 Thermal 2119 | 316 641 . 1063 99 . Explosive 436 | . . . . . 436 Electromagnetic 801 | . . . 485 310 6 Impact . | . . . . . . Slashing . | . . . . . . Piercing . | . . . . . . Highest Corruption 9 | . . . . . 9 Average Corruption 2 | . . . . . 2 Corruption Purged . | . . . . . . Overload Shots . | . . . . . . Overflow Damage 25 | . . . 6 19 . Projectiles . | . . . . . . Explosions 25 | . . . 6 19 . Melee . | . . . . . . Knockbacks 7 | . . 3 . . 4 Impact . | . . . . . . Kinetic 7 | . . 3 . . 4 Secondary . | . . . . . . Self-Inflicted Damage 180 | . . . 49 70 61 Shots 7 | . . . 2 3 2 Rammed . | . . . . . . Targets Rammed . | . . . . . . Kicked . | . . . . . . Crushed . | . . . . . . Highest Temperature 216 | 100 212 . 216 108 135 Average Temperature 51 | 46 56 . 51 41 61 Received Heat Transfer 930 | . 270 . 444 30 186 Siege Activations . | . . . . . . Robots Corrupted . | . . . . . . Combat Hostiles . | . . . . . . Parts Fried 2 | . . . . 2 . Impact Corruptions . | . . . . . . Robots Melted . | . . . . . . Combat Hostiles . | . . . . . . Parts Melted 6 | 2 4 . . . . Heat Transferred 4277 | 925 1887 . 1315 150 . Parts Sabotaged . | . . . . . . Parts Stolen . | . . . . . . Parts Stripped . | . . . . . . Power Chain Reactions 6 | . . . 3 3 . Missiles Intercepted . | . . . . . . Alert | -11 -10 -10 -9 -9 -9 ------- Run | Scr Mat Min Mat Min Exi Peak Influence 311 | 70 266 16 311 159 . Initial 49 | . 45 11 . 49 . Average 77 | 41 82 4 114 114 . Maximum Alert Level 1 | . 1 . 1 . . Low Security (%) 90 | 100 89 100 76 100 . Level 1 9 | . 10 . 23 . . Level 2 . | . . . . . . Level 3 . | . . . . . . Level 4 . | . . . . . . Level 5 . | . . . . . . High Security . | . . . . . . Max Security . | . . . . . . Squads Dispatched 7 | . 3 . 3 1 . Investigation 2 | . . . 2 . . Extermination . | . . . . . . Reinforcement 5 | . 3 . 1 1 . Assault . | . . . . . . Garrison . | . . . . . . Intercept . | . . . . . . Construction Impeded 1 | . . . . 1 . Haulers Reinforced . | . . . . . . Stealth | -11 -10 -10 -9 -9 -9 --------- Run | Scr Mat Min Mat Min Exi Distress Signals 3 | . . 1 2 . . Communications Jammed . | . . . . . . Distress Signals . | . . . . . . Times Spotted 78 | . 22 . 35 9 12 Peak Tracking Total 12 | . 4 . 6 4 12 Tactical Retreats 4 | . 1 . 3 . . Traps | -11 -10 -10 -9 -9 -9 ------- Run | Scr Mat Min Mat Min Exi Traps Triggered 1 | . . . 1 . . Indirectly . | . . . . . . Trap Hack Attempts . | . . . . . . Triggered . | . . . . . . Disarmed . | . . . . . . Reprogrammed . | . . . . . . Reused . | . . . . . . Traps Extracted . | . . . . . . Installed . | . . . . . . Triggered 1 | . . . . 1 . Machines | -11 -10 -10 -9 -9 -9 ---------- Run | Scr Mat Min Mat Min Exi Machines Disabled 1 | . . . 1 . . Max in Single Turn 1 | . . . 1 . . Machines Sabotaged . | . . . . . . Garrisons Compromised . | . . . . . . Overloaded Fab Kills . | . . . . . . Fab Network Shutdowns . | . . . . . . Hacking | -11 -10 -10 -9 -9 -9 --------- Run | Scr Mat Min Mat Min Exi Machines Accessed 13 | . 7 . 3 . 3 Terminals 6 | . 4 . 2 . . Fabricators . | . . . . . . Repair Stations 1 | . 1 . . . . Recycling Units 2 | . 2 . . . . Scanalyzers 1 | . . . 1 . . Garrison Access . | . . . . . . Total Hacks 42 | . 22 . 9 . 11 Successful 30 | . 14 . 5 . 11 Failed 12 | . 8 . 4 . . Catastrophic 1 | . . . 1 . . Database Lockouts . | . . . . . . Manual 17 | . 10 . 6 . 1 Terminals 22 | . 16 . 6 . . Fabricators . | . . . . . . Repair Stations 2 | . 2 . . . . Recycling Units 4 | . 4 . . . . Scanalyzers 3 | . . . 3 . . Garrison Access . | . . . . . . Terminal Hacks 21 | . 8 . 2 . 11 Record 10 | . . . . . 10 Robot Analysis 2 | . 2 . . . . Prototype ID Bank 1 | . 1 . . . . Locate Traps 4 | . 3 . 1 . . Hauler Manifests 1 | . 1 . . . . Zone Layout 2 | . 1 . 1 . . EX-Prototype ID Bank 1 | . . . . . 1 Fabricator Hacks . | . . . . . . Repair Station Hacks 2 | . 2 . . . . Scan Component 1 | . 1 . . . . Repair 1 | . 1 . . . . Recycling Unit Hacks 4 | . 4 . . . . Process 1 | . 1 . . . . Report Inventory 2 | . 2 . . . . Retrieve Matter 1 | . 1 . . . . Scanalyzer 3 | . . . 3 . . Insert Component 2 | . . . 2 . . Analyze 1 | . . . 1 . . Garrison Access Hacks . | . . . . . . Unauthorized Hacks . | . . . . . . Terminals . | . . . . . . Fabricators . | . . . . . . Repair Stations . | . . . . . . Recycling Units . | . . . . . . Scanalyzers . | . . . . . . Garrison Access . | . . . . . . Data Cores Recovered . | . . . . . . Used . | . . . . . . Hacking Detections 7 | . 4 . 3 . . Full Trace Events 1 | . . . 1 . . Feedback Events . | . . . . . . Feedback Blocked . | . . . . . . Robot Schematics Acquired . | . . . . . . Robots Built . | . . . . . . Matter . | . . . . . . Time . | . . . . . . Total Robot Build Rating . | . . . . . . Part Schematics Acquired 1 | . . . 1 . . Parts Built . | . . . . . . Matter . | . . . . . . Time . | . . . . . . Total Part Build Rating . | . . . . . . Parts Repaired 1 | . 1 . . . . Time 26 | . 26 . . . . Parts Recycled . | . . . . . . Recycled Matter 27 | . 27 . . . . Retrieved Matter 27 | . 27 . . . . Retrieved Components . | . . . . . . Parts Scanalyzed 1 | . . . 1 . . Part Schematics Acquired 1 | . . . 1 . . Parts Damaged . | . . . . . . Bothacking | -11 -10 -10 -9 -9 -9 ------------ Run | Scr Mat Min Mat Min Exi Used RIF Installer . | . . . . . . Robots Hacked . | . . . . . . Non-combat . | . . . . . . Combat . | . . . . . . Robot Hacks Applied . | . . . . . . Relay Couplers Released . | . . . . . . Robots Rewired . | . . . . . . Allies Hacked . | . . . . . . Hacks Repelled . | . . . . . . Allies | -11 -10 -10 -9 -9 -9 -------- Run | Scr Mat Min Mat Min Exi Total Allies 3 | . . . . 3 . Largest Group 3 | . . . . 3 3 Highest-Rated Group 40 | . . . . 40 40 Highest-Rated Ally 16 | . . . . 16 16 Total Orders . | . . . . . . Ally Attacks 3 | . . . . . 3 Total Damage 38 | . . . . . 38 Kills . | . . . . . . Allies Corrupted . | . . . . . . Allies Melted . | . . . . . . Intel | -11 -10 -10 -9 -9 -9 ------- Run | Scr Mat Min Mat Min Exi Robot Analysis Total 2 | . 2 . . . . Derelict Logs Recovered 2 | . . 1 . 1 . Drone Launches . | . . . . . . Drone Recoveries . | . . . . . . Exploration | -11 -10 -10 -9 -9 -9 ------------- Run | Scr Mat Min Mat Min Exi Turns Passed 6390 | 378 1443 1097 1616 774 1082 Spaces Moved 2928 | 157 700 585 648 366 472 Core 19 | 19 . . . . . Treads 2874 | 103 700 585 648 366 472 Legs 35 | 35 . . . . . Wheels . | . . . . . . Hover . | . . . . . . Flight . | . . . . . . Fastest Speed 120 | 120 160 180 180 180 180 Average Speed 184 | 161 162 180 189 196 213 Slowest Speed 250 | 250 180 180 240 200 220 Overloaded Moves . | . . . . . . Propulsion Burnouts . | . . . . . . Robots Hopped . | . . . . . . Cave-ins Triggered . | . . . . . . Exploration Rate (%) 61 | 5 94 97 45 62 68 Regions Visited 5 Branch Regions 3 Pre-discovered Areas 1 | . . . . . 1 Known Exits Taken 1 | . . . . 1 . Unknown Exits Taken 4 | 1 1 1 1 . . Scrap Searched 4 | . . 4 . . . Spaces Dug 1 | . 1 . . . . Terrain Destroyed 26 | . 1 . 7 13 5 Melee . | . . . . . . Projectile 1 | . 1 . . . . AOE 25 | . . . 7 13 5 Terrain Rammed . | . . . . . . Walls Destroyed . | . . . . . . Machines Disabled . | . . . . . . Actions | -11 -10 -10 -9 -9 -9 --------- Run | Scr Mat Min Mat Min Exi Total 3550 | 229 892 604 897 392 536 Wait 154 | . 71 4 74 5 . Move 2923 | 156 699 584 647 365 472 Hop . | . . . . . . Pick Up 105 | 18 22 1 39 4 21 Fast Attach 14 | 1 5 . 6 . 2 Attach 24 | 2 2 . 13 1 6 Detach 4 | . . . 2 . 2 Swap 12 | . 4 1 7 . . Drop 88 | 16 21 1 28 2 20 Fire 226 | 36 68 13 81 15 13 Melee . | . . . . . . Ram . | . . . . . . Kick . | . . . . . . Crush . | . . . . . . Escape Stasis . | . . . . . . Rewire . | . . . . . . Trap . | . . . . . . Miscellaneous . | . . . . . . Route ------- -11/Scrapyard -10/Materials (discovered 5 exits: *Mat x3 / [*Min x2]) -10/Mines (discovered 2 exits: *Mat x2) -9/Materials (discovered 3 exits: *Mat x2 / [*Min]) -9/Mines -9/Exiles (discovered 1 exit: [*Min]) History --------- Turn | Location | Event 18 | -11/Scrapyard | Discovered new exit (range 3) 379 | -11/Scrapyard | Entered Materials 384 | -10/Materials | Build established: Mutant 608 | -10/Materials | Discovered new exit (range 9) 735 | -10/Materials | Discovered new exit (range 16) 894 | -10/Materials | Discovered new exit (range 12) 1031 | -10/Materials | Repaired Lgt. Treads 1055 | -10/Materials | Discovered new exit (range 15) 1429 | -10/Materials | Discovered new exit (range 11) 1822 | -10/Materials | Entered Mines 1879 | -10/Mines | Assembled infested the area 1884 | -10/Mines | Assisted by a Guerilla fighting off Assembled 1914 | -10/Mines | Met a Derelict bent on vengeance 1958 | -10/Mines | Learned 2 Materials zone layouts 2426 | -10/Mines | Discovered new exit (range 14) 2509 | -10/Mines | Discovered new exit (range 3) 2919 | -10/Mines | Entered Materials 2919 | -9/Materials | Evolved 2 slots: Utility x2 2920 | -9/Materials | Identified exit to Materials 3382 | -9/Materials | Lost 3 parts (1p1n1u) 3432 | -9/Materials | Discovered exit to Materials (range 11) 3832 | -9/Materials | Build established: Hauler-Mutant 4303 | -9/Materials | Discovered new exit (range 10) 4535 | -9/Materials | Entered Mines 4567 | -9/Mines | Identified exit to Exiles 4596 | -9/Mines | Received a Rocket Launcher from a helpful Derelict 4824 | -9/Mines | Deemed a non-threat by the Exiles lab entrance 5033 | -9/Mines | Found a damaged Exp. Sensor Array with a note attached 5038 | -9/Mines | Found Prototype Device 5246 | -9/Mines | Assisted by bots powering up and referring to "LRC-V3" 5309 | -9/Mines | Entered Exiles 5309 | -9/Exiles | Accompanied by 3 allies 5361 | -9/Exiles | Met 8R-AWN 5375 | -9/Exiles | Discovered new exit (range 14) 5452 | -9/Exiles | Met EX-HEX 5651 | -9/Exiles | Met EX-DEC 5689 | -9/Exiles | Learned location of Zion (-6) 6006 | -9/Exiles | Met EX-BIN 6041 | -9/Exiles | Aligned with FarCom system 6043 | -9/Exiles | Given EX-Vault access code 6094 | -9/Exiles | Opened EX-Vault 6112 | -9/Exiles | Found Lightpack 2.0 6117 | -9/Exiles | Found AWS/Thermal 6173 | -9/Exiles | Warned to stay clear of 0b10 Research branches 6185 | -9/Exiles | Exiles lab attacked by MAIN.C 6253 | -9/Exiles | Found AWS/Autocannon 6339 | -9/Exiles | P-60 Hacker assimilated allied Trooper 2a 6367 | -9/Exiles | Core integrity fell below 50% 6384 | -9/Exiles | Core integrity fell below 20% 6391 | -9/Exiles | Destroyed by G-34 Mercenary with Small Laser Last Messages --------------- 06379_ Lgt. Assault Rifle destroyed. 06379_ Penetrated by Slug. 06382_ Imp. Light Cannon destroyed. 06385_ P-60 Hacker destroyed. 06385_ G-34 Mercenary destroyed. 06385_ H-55 Commando destroyed. 06388_ Lgt. Treads destroyed. 06388_ Penetrated by Slug. 06388_ Hvy. EM Pulse Gun destroyed. 06388_ G-34 Mercenary destroyed. 06389_ Humpback destroyed. 06390_ Extracted 55 matter. 06390_ L-31 Rogue destroyed. 06390_ Grenade Launcher destroyed. 06390_ System corrupted by crushing effect (+5). 06390_ Dropped Hcp. Storage Unit. 06390_ Reactive Plating crushed and broken. 06391_ Dropped Lrg. Storage Unit. 06391_ AWS/Thermal crushed and broken. 06391_ AWS/Autocannon crushed and broken. Map ----- +----------------------------------------------------+ | ?????????????# #???####??????????????????????? | | ?????????????# #??"""""#?????????????????????? | | ?????????????# ## """#?????????????????????? | | ?????????????# X""#?????????????????????? | | ?????????????# ## """#?????????????????????? | | ???????####??# #??"""""#?????????????????????? | | ??????""""""?# #???####??????????????????????? | | ??????"""" ## #?????????????????????????????? | | ?????#""X" #?????????????????????????????? | | ?????#" #?????????????????????????????? | | ?????#" ## #?????????????????????????????? | | ?????#""""""?# #?#########???????????????????? | | ?????##"###??# #?#"""""""#???????????????????? | | ?????????????# #?#"""""""#???????????????????? | | ?????????????# #?#"""""""#???????????????????? | | ????????????## ###"" """"#???????????????????? | | ????????????#" """"#???????????????????? | | ????????????#" """#???????????????????? | | ????????????#" """#???????????????????? | | ????????????#" h """#???????????????????? | | ????????????#" %*"""#???????????????????? | | ???????????#" =!%"""## ?????????????????? | | ""?????????## [!*[[%!""""?????????????????? | | ?????????# %|%g!!""#####???????????????? | | ?????????#" !g*=b]=!""" #??????????????? | | "#????????#" !h!]!@!!!# ""????????????????? | | ""?????????# [ ""!!!!!!!#???????????????????? | | "?????????## %! ###!==[##!#???????????????????? | | #????????##"==* #?######??#???????????????????? | | ###?######"" =%% #?????????????????????????????? | | #"###"""""" * ##????????????????????????????? | | """""" " "" ##???###########?????????????? | | "" """ " #####"""""""""##????????????? | | " " " """ """"##???????????? | | "" " #???????????? | | " """#???????????? | | " "#???????????# | | [= " "#??????????## | | [%* ! ""###???????#" | | "" " " * """#??????##" | | ######""" "#????### | | ""##????#####""" ##???# | | """##?????????##""" ##?## | | """##???????????#"""" ### | | ""#???????????##"" | | ########??####"""" # | | ## ####""" ""# | | """" #"""## | | ######? | | ##?????? | +----------------------------------------------------+ Best States ------------- Heat Dissipation 42 Energy Generation 14 Energy Capacity 250 Matter Stores 300 Matter Capacity 300 Sight Range 16 Terrain Scan Density 10 Armor Coverage 150 Core Shielding 20 Evasion (%) 40 Recoil Reduction 2 Item Schematics ----------------- Grenade Launcher | -9/Materials | Scanalyzed Robot Schematics ------------------ None Fabricated ------------ Nothing Alien Tech Used ----------------- None Achievements -------------- None Challenges ------------ None Game ------ Seed FluxCoordinationFlakker Manual? 0 Play Time 00:42:31 Cumulative 15.7 hours Start 2020.10.07 @ 11:35:38 End 2020.10.07 @ 12:17:05 Sessions 1 Manual Loads 0 Difficulty Rogue Special Mode None Game No. 13 Rogue 13 Adventurer 0 Explorer 0 Win Type - Total 0 Types 0/0/0/0/0/0/0/0/0 Lore% 21 Gallery% 28 Achievement% 46 Wizard Run 0 Options --------- ASCII 0 Keyboard 1 Movement Numpad Keybinds 0 Fullscreen 1 Font 12/Terminus Map View 83x54 Tactical HUD 1 Map Filters NONE Filters NONE Steam 1 RUN: 07d1ab27-d231-4133-bf90-6c0ebb1906a1